 Dungeon Crawl Stone Soup version 0.25-a0-1133-g93ebf739aa (webtiles) character file.

Game seed: 7608986499291117903, levelgen mode: deterministic

68 Maedhros the Sneak (level 4, -1/28 HPs)
             Began as an Octopode Artificer on May 22, 2020.
             Hit by a boomerang thrown by an orc (5 damage)
             ... on level 4 of the Dungeon.
             The game lasted 00:03:22 (592 turns).

Maedhros the Sneak (Octopode Artificer)              Turns: 592, Time: 00:03:23

Health: -1/28      AC:  1    Str: 11    XL:     4   Next: 19%
Magic:  6/6        EV: 13    Int: 13    God:
Gold:   20         SH:  0    Dex: 13    Spells: 3/3 levels left

rFire    . . .     SeeInvis .   a - +0 short sword
rCold    . . .     Gourm    .   (no shield)
rNeg     . . .     Faith    .   (helmet restricted)
rPois    .         Spirit   .   (no amulet)
rElec    .         Reflect  .   (no ring)
rCorr    .         Harm     .   (no ring)
MR       .....                  (no ring)
Stlth    +++.......             (no ring)
HPRegen  0.09/turn              (no ring)
MPRegen  0.10/turn              (no ring)
                                (no ring)
                                (no ring)

@: no status effects
A: almost no armour, stealthy swim, amphibious, 8 rings, constrict 8, camouflage
1, gelatinous body 1
a: no special abilities


You were on level 4 of the Dungeon.
You were not hungry.

You visited 1 branch of the dungeon, and saw 4 of its levels.

You collected 20 gold pieces.

Inventory:

Hand Weapons
 a - a +0 short sword (weapon)
Missiles
 j - 24 poisoned darts (quivered)
Wands
 b - a wand of flame (13)
 c - a wand of enslavement (6)
 d - a wand of random effects (12)
Scrolls
 e - a scroll of identify {unknown}
 g - a scroll of amnesia {unknown}
 i - a scroll of enchant armour {unknown}
Potions
 h - a potion of ambrosia {unknown}
 k - a potion of curing {unknown}
Comestibles
 f - 3 rations


   Skills:
 - Level 1.0 Fighting
 - Level 1.0 Short Blades
 - Level 2.0 Dodging
 - Level 4.0 Stealth
 + Level 2.5 Unarmed Combat
 - Level 3.2 Evocations


You had 3 spell levels left.
You didn't know any spells.
Your spell library was empty.

Dungeon Overview and Level Annotations

Branches:
Dungeon (4/15)
 Temple: D:4-7

Altars:
Gozag


Innate Abilities, Weirdness & Mutations

You cannot wear most types of armour.
You are very stealthy in the water. (Stealth+)
You are amphibious.
You can wear up to eight rings at the same time.
You can use your tentacles to constrict eight enemies at once.
Your skin changes colour to match your surroundings (Stealth+).
Your rubbery body absorbs attacks. (AC +1, EV +1)


Message History

Evoke which item? (* to show all) (? for menu, Esc to quit)
Aiming: Enslavement
Press: ? - help, Shift-Dir - straight line, f/p - orc wizard
Aim: an orc wizard, wielding a +0 dagger and wearing a +1 robe of the Archmagi (fast, chance to defeat MR: 55%)
The orc wizard is charmed.
Something barely misses your orc wizard.
Your orc wizard hits something with a +0 dagger.
Something closely misses your orc wizard.
Your orc wizard hits something with a +0 dagger.
Evoke which item? (* to show all) (? for menu, Esc to quit)
Aiming: Enslavement
Press: ? - help, Shift-Dir - straight line, f - orc, p - orc wizard
Aim: an orc, wearing a cursed +0 leather armour and quivering 3 boomerangs (chance to defeat MR: 72%)
The orc struggles to resist.
Something hits your orc wizard but does no damage.
Your orc wizard is poisoned.
Your orc wizard hits something with a +0 dagger.
The gnoll closely misses your orc wizard.
The orc throws a boomerang.
The boomerang hits you.
You die...

### ##.### #....###
. ... #......#..
... #@..>.... .Z.
##........ ... ..
#......$.. ...# #..
##.##......
...##.###..# ....>.
.......#..g##o.....
#........†..go...
##.........Z.?....
#..........o.(..##


You could see 2 gnolls, an orc and a friendly orc wizard (charmed, fast, very
poisoned).

Vanquished Creatures
  2 adders (D:2)
  An adder skeleton (D:4)
  A dart slug (D:2)
  A leopard gecko (D:3)
  3 orcs (D:3)
  A goblin (D:3)
  2 hobgoblins (D:3)
  A quokka (D:3)
  3 bats
  A frilled lizard (D:2)
16 creatures vanquished.

Vanquished Creatures (collateral kills)
  A hound (D:4)
  An adder (D:3)
  2 dart slugs (D:3)
  3 orcs (D:3)
  A hobgoblin (D:2)
  A jackal (D:2)
  A rat (D:3)
10 creatures vanquished.

Vanquished Creatures (others)
  A centaur (D:3)
  2 bullfrog skeletons (D:4)
  An adder (D:2)
4 creatures vanquished.

Grand Total: 30 creatures vanquished

Notes
Turn   | Place    | Note
-------+----------+-------------------------------------------
     0 | D:1      | Maedhros the Octopode Artificer began the quest for the
                  | Orb.
     0 | D:1      | Reached XP level 1. HP: 13/13 MP: 3/3
    86 | D:2      | Reached skill level 2 in Stealth
    93 | D:2      | Reached skill level 3 in Stealth
    93 | D:2      | Reached XP level 2. HP: 3/18 MP: 4/4
   118 | D:2      | Reached skill level 4 in Stealth
   158 | D:3      | Noticed a centaur
   169 | D:3      | Reached XP level 3. HP: 10/23 MP: 5/5
   174 | D:3      | Reached skill level 1 in Unarmed Combat
   314 | D:3      | Found an opulent altar of Gozag.
   567 | D:4      | Noticed a phantom
   584 | D:4      | Reached XP level 4. HP: 4/28 MP: 6/6
   592 | D:4      | Hit by a boomerang thrown by an orc

Illustrated notes

Levels and vault maps discovered:
D:1:      dpeg_arrival_signposts, layout_basic
D:2:      minmay_evil_eye, layout_loops_ring, first_ration,
          minmay_misc_feat_tiny, minmay_misc_feat_more_columns, st_stairs_9,
          grunt_dithmenos_smoke
D:3:      layout_basic, old_standard_altar, kennysheep_pointless_box, uniq_robin
D:4:      layout_cave_pools, minmay_overflow_temple_star_quad,
          uniq_crazy_yiuf_cottage

Skill      XL: |  1  2  3 |
---------------+----------+-----
Stealth        | 3 4 |  4.0
Unarmed Combat | 2 |  2.5
Fighting       | |  1.0
Short Blades   | |  1.0
Dodging        | |  2.0
Evocations     | |  3.2

Action                   |  1- 3 |  4- 6 || total
-------------------------+-------+-------++-------
Melee: Short sword       |    36 |       ||    36
       Constrict         |    12 |       ||    12
       Tentacles         |     7 |       ||     7
Evoke: Wand              |    11 |     3 ||    14
 Stab: Sleeping          |     2 |       ||     2
Armor: Skin              |     6 |       ||     6
Dodge: Dodged            |    31 |       ||    31

Table legend:
 A = Non-vault XP
 B = Vault XP
 C = Vault XP percentage of total XP
 D = Non-vault monster count
 E = Vault monster count
 F = Vault count percentage of total count
                 A         B        C        D         E       F
            +---------+---------+-------+---------+---------+-------
      Total |      87 |      11 |  11.2 |      23 |       3 |  11.5
            +---------+---------+-------+---------+---------+-------
        D:1 |       1 |       0 |   0.0 |       1 |       0 |   0.0
        D:2 |      19 |      11 |  36.7 |       3 |       3 |  50.0
        D:3 |      40 |       0 |   0.0 |      17 |       0 |   0.0
        D:4 |      27 |       0 |   0.0 |       2 |       0 |   0.0
            +---------+---------+-------+---------+---------+-------
